AoeStats
← Toan

Lombardia

509819640Analyzed
2v2 RM · 2d ago on Sep 28, 2026· 60m 45s· 4 players
Game mode
Random Map
Map size
Medium (4 player)
Population
200
Speed
Normal
Resources
Standard
Victory
Conquest
Starting age
Dark Age
Ending age
Imperial Age
RankedLock teamsTeams togetherTeam positionsShared explorationLock speedFull tech treeHidden civsTurbo modeCheats
Victory
Defeat
🇷🇺 Saxons · Russia
1074
+15
🇷🇺 Bulgarians · Russia
1022
+18
🇲🇽 Franks · Mexico
1073
-17
🇲🇽 Dravidians · Mexico
1044
-16
victor_gt784
11:10 Feudal Age
16:01 Castle Age
15:31 Double-Bit Axe
16:07 Gold Mining
22:13 Fletching
23:42 Bodkin Arrow
26:48 Forging
28:27 Iron Casting
33:27 Imperial Age
31:38 Wheelbarrow
31:33 Husbandry
32:20 Gold Shaft Mining
32:35 Bow Saw
33:38 Scale Barding Armor
35:25 Chemistry
34:14 Cavalier
36:21 Blast Furnace
35:43 Ballistics
38:11 Conscription
37:12 Ordonnance Companies
37:26 Paladin
38:27 Siege Engineers
39:53 Devotion
43:02 Chain Barding Armor
43:55 Town Watch
44:48 Wheelbarrow
47:48 Light Cavalry
48:21 Elite Skirmisher
50:21 Plate Barding Armor
59:30 Loom
DA Fantasmic 11
10:33 Feudal Age
15:44 Castle Age
14:47 Double-Bit Axe
14:44 Horse Collar
22:34 Fletching
27:58 Town Watch
30:10 Loom
38:41 Imperial Age
36:49 Scale Mail Armor
38:31 Wheelbarrow
39:09 Chain Mail Armor
39:33 Forging
39:35 Squires
39:21 Arson
39:56 Heavy Plow
40:34 Wootz Steel
41:08 Conscription
41:24 Iron Casting
42:44 Plate Mail Armor
43:47 Blast Furnace
46:04 Bodkin Arrow
46:09 Padded Archer Armor
47:00 Bow Saw
47:41 Bracer
47:56 Leather Archer Armor
47:53 Gold Mining
49:29 Thumb Ring
50:03 Ballistics
50:44 Chemistry
49:50 Husbandry
50:05 Medical Corps
51:23 Ring Archer Armor
Treyk
6:18 Loom
10:54 Feudal Age
15:34 Castle Age
17:51 Fletching
24:40 Bodkin Arrow
32:26 Pikeman
37:57 Imperial Age
40:23 Double-Bit Axe
50:41 Cavalier
51:23 Husbandry
52:33 Bloodlines
52:24 Halberdier
56:26 Forging
56:16 Scale Mail Armor
56:21 Scale Barding Armor
Toan
5:15 Loom
9:27 Feudal Age
9:59 Double-Bit Axe
16:34 Castle Age
15:21 Scale Mail Armor
16:07 Horse Collar
18:59 Squires
24:28 Gambesons
25:06 Chain Mail Armor
25:49 Bow Saw
28:26 Wheelbarrow
28:24 Clerical Recruitment
29:27 Redemption
31:29 Arson
31:59 Forging
35:09 Imperial Age
33:22 Hand Cart
33:40 Sanctity
34:04 Gold Mining
34:05 Stone Mining
35:24 Iron Casting
36:12 Block Printing
36:05 Devotion
37:35 Plate Mail Armor
36:32 Elite Varangian Guard
37:42 Conscription
37:38 Shield Wall
39:42 Hoardings
45:13 Chemistry
44:10 Murder Holes
44:21 Siege Engineers
49:33 Illumination
49:22 Fletching
49:32 Padded Archer Armor
49:38 Scale Barding Armor
50:25 Thumb Ring
49:41 Cranequins
49:44 Elite Skirmisher
51:32 Bodkin Arrow
51:53 Leather Archer Armor
Connection lost

Rejoining the realm…

Still unreachable

The connection could not be restored.

Session expired

The server has moved on; the page needs a fresh start.